 Dungeon Crawl Stone Soup version 0.30.0-29-ga12c61a403 (webtiles) character file.

Game seed: 12980938033388717491

48857 LynnLen the Unseen (level 14, -8/59 HPs)
             Began as a Spriggan Enchanter on June 14, 2023.
             Was the Champion of Dithmenos.
             Shot with an arrow by a centaur warrior (16 damage)
             ... on level 13 of the Dungeon.
             The game lasted 01:21:15 (23715 turns).

LynnLen the Unseen (Spriggan Enchanter)            Turns: 23715, Time: 01:21:15

Health: -8/59      AC: 18    Str:  4    XL:     14   Next: 13%
Magic:  31/31      EV: 17    Int: 21    God:    Dithmenos [******]
Gold:   627        SH:  0    Dex: 16    Spells: 9/37 levels left

rFire   . . .        o - +3 dagger (elec)
rCold   . . .        (no shield)
rNeg    . . .        K - +2 steam dragon scales
rPois   .            (helmet restricted)
rElec   .            G - +2 cloak
rCorr   .            (gloves unavailable)
SInv    +            (boots unavailable)
Will    ++...        L - amulet of magic regeneration Stlth ***+++++++
                     i - +4 ring of protection
HPRegen 0.29/turn    k - +4 ring of protection
MPRegen 0.62/turn

%: no passive effects
@: wreathed by umbra, very quick
A: very small, no large weapons, unfitting armour, see invisible, speed 3
a: Renounce Religion, Shadow Step, Shadow Form


You were on level 13 of the Dungeon.
You worshipped Dithmenos.
Dithmenos was exalted by your worship.
You visited 2 branches of the dungeon, and saw 18 of its levels.
You also visited: Gauntlet.

You collected 1323 gold pieces.
You spent 696 gold pieces at shops.

Inventory:

Hand Weapons
 o - a +3 dagger of electrocution (weapon)
 I - a +5 dagger
Missiles
 d - 6 atropa-tipped darts
 P - 4 curare-tipped darts
Armour
 s - +0 acid dragon scales
 G - a +2 cloak (worn)
 K - +2 steam dragon scales (worn)
Jewellery
 a - a ring of positive energy
 e - a ring of willpower
 i - a +4 ring of protection (left hand)
 k - a +4 ring of protection (right hand)
 m - a +6 ring of dexterity
 p - an amulet of reflection
 B - a ring of willpower
 H - an amulet of regeneration
 L - an amulet of magic regeneration (around neck)
 S - a ring of flight
 U - a ring of wizardry
Wands
 h - a wand of digging (3)
 y - a wand of acid (12)
 A - a wand of charming (28)
 E - a wand of flame (64)
 F - a wand of polymorph (5) (quivered)
 O - a wand of iceblast (13)
 W - a wand of mindburst (5)
Scrolls
 b - 2 scrolls of amnesia
 g - 9 scrolls of teleportation
 j - 3 scrolls of magic mapping
 q - 3 scrolls of silence
 u - 5 scrolls of fog
 v - 5 scrolls of immolation
 J - 2 scrolls of vulnerability
 Q - 4 scrolls of blinking
 X - 3 scrolls of fear
 Y - a scroll of summoning
Potions
 f - a potion of mutation
 l - 2 potions of haste
 n - 4 potions of lignification
 r - 5 potions of might
 t - 2 potions of cancellation
 w - a potion of brilliance
 x - 3 potions of magic
 z - 5 potions of flight
 D - 4 potions of resistance
 M - a potion of ambrosia
 N - 7 potions of curing
 Z - a potion of berserk rage
Miscellaneous
 c - a phantom mirror
 C - a piece from Xom's chessboard (15/15)
 R - a tin of tremorstones (2/2)
 T - a phial of floods
 V - a box of beasts


   Skills:
 + Level 6.5 Short Blades
 - Level 2.6 Dodging
 + Level 20.2 Stealth
 + Level 12.1 Spellcasting
 * Level 5.0 Conjurations
 + Level 11.9 Hexes
 - Level 6.7 Translocations
 * Level 8.5 Transmutations
 - Level 4.1 Air Magic
 * Level 6.0 Earth Magic
 - Level 10.0 Evocations


You had 9 spell levels left.
You knew the following spells:

 Your Spells              Type           Power      Damage    Failure   Level
a - Ensorcelled Hibernat  Hex/Ice        74%        N/A       1%          2
b - Confusing Touch       Hex            58%        N/A       1%          3
c - Tukima's Dance        Hex            58%        N/A       1%          3
d - Yara's Violent Unrav  Hex/Tmut       27%        3d12      2%          5
e - Vhi's Electric Charg  Tloc/Air       70%        N/A       1%          3
f - Statue Form           Tmut/Erth      28%        N/A       36%         6
g - Iron Shot             Conj/Erth      18%        9d4       63%         6

Your spell library contained the following spells:

 Spells                   Type           Power      Damage    Failure   Level
 Foxfire                  Conj/Fire      92%        2x1d8     1%          1
 Magic Dart               Conj           100%       1d8       1%          1
 Searing Ray              Conj           66%        2d6       1%          2
 Dazzling Flash           Conj/Hex       96%        N/A       1%          3
 Portal Projectile        Hex/Tloc       100%       N/A       1%          3
 Fulminant Prism          Conj/Hex       24%        3d12      1%          4
 Petrify                  Tmut/Erth      43%        N/A       2%          4
 Passage of Golubria      Tloc           41%        N/A       3%          4
 Cigotuvi's Dreadful Rot  Necr/Pois/Air  36%        N/A       4%          2
 Ignite Poison            Fire/Tmut/Pois 24%        N/A       4%          3
 Blade Hands              Tmut           24%        N/A       4%          5
 Metabolic Englaciation   Hex/Ice        18%        N/A       12%         5
 Ozocubu's Armour         Ice            12%        N/A       16%         3
 Iskenderun's Battlesphe  Conj           33%        2d9       19%         5
 Arcjolt                  Conj/Air       16%        1d26      22%         5
 Freezing Cloud           Conj/Ice/Air   12%        6-21      38%         5
 Fireball                 Conj/Fire      11%        3d7       45%         5
 Starburst                Conj/Fire      11%        6d5       96%         6
 Plasma Beam              Fire/Air       10%        2x1d23    98%         6
 Ozocubu's Refrigeration  Ice            6%         4d8       100%        7
 Spellforged Servitor     Conj/Summ      11%        N/A       100%        7
 Maxwell's Capacitive Co  Air            15%        ∞         100%        8


Dungeon Overview and Level Annotations

Branches:
Dungeon (13/15)            Temple (0/1) D:7            Lair (5/5) D:9
  Swamp (0/4) Lair:2        Snake (0/4) Lair:3        Slime (0/5) Lair:4
    Orc (0/2) D:11         Vaults (0/5) D:13        Gauntlet (visited)

Altars:
Ashenzari
Dithmenos
Fedhas
Hepliaklqana
Makhleb
Nemelex Xobeh
Qazlal
Ru
Trog
Uskayaw
Vehumet
Wu Jian
Xom
Yredelemnul
Zin
Jiyva

Shops:
D:8 =![   D:12 *

Annotations:
D:6 2 transporters, mkat's ghost, amateur DsHu
D:7 3 runed translucent doors, Wkid's ghost, novice OpFi
D:10 3 runed translucent doors
D:13 Azrael
Lair:4 3 runed translucent doors, bronco's ghost, journeyman DEIE


Innate Abilities, Weirdness & Mutations

You are very small and have problems with some larger weapons.
You are too small for most types of armour.
You have supernaturally acute eyesight. (SInv)
You cover ground extremely quickly. (Speed+++)


Message History

The helpless cyclops fails to defend itself.
You skewer the cyclops like a kebab!!!! Lightning courses through the cyclops!
You kill the cyclops!
Dithmenos accepts your kill.
X - 3 scrolls of fear (gained 2)
You open the door.
A wraith, a white ugly thing, a cyclops and 4 humans come into view.
A death knight is wielding a +2 morningstar of draining.
A vault guard is wielding a +0 battleaxe and wearing a +2 plate armour of poison resistance.
Found a war axe.
Found a gate to the Vaults.
Okay, then.
A centaur comes into view.
You hear the crackling of a distant melting archway.
A centaur comes into view.
Found a rapier.
A green ugly thing comes into view. 3 centaurs come into view.
The centaur shouts! x2; You hear a shout!
The centaur wields a +0 shortbow.
The centaur shoots an arrow.
The arrow hits you!
A centaur warrior comes into view.
The centaur shouts!
The centaur warrior shouts!
Found a scroll of amnesia.
The centaur warrior wields a +0 longbow.
The centaur warrior shoots an arrow.
The arrow hits you!
The centaur shoots an arrow.
The arrow misses you.
The centaur shouts!
The centaur shoots an arrow.
The arrow barely misses you.
The centaur warrior shoots an arrow.
The arrow hits you but does no damage.
The centaur warrior shoots an arrow.
The arrow hits you!
The centaur warrior shoots an arrow.
The arrow hits you.
There is an open door here.
You close the door.
The centaur warrior shoots an arrow.
The arrow hits you!
* * * LOW HITPOINT WARNING * * *
You emit a cloud of dark smoke.
The centaur warrior shoots an arrow.
The arrow hits you!
* * * LOW HITPOINT WARNING * * *
There is a stone staircase leading up here.
The centaur warrior shoots an arrow.
The arrow hits you!
You die...

#..c...§§.#
#####.§§§.#
#.§§§§# #.....#
#####.# #.# ###
#.# #.# #c#####.#
#......@#
#.#####.# #.# #.#
#.# #.# #.# #.#
#<# #.#
##########.#####.#
○○○○.............#
################.#


You could see a centaur warrior.

Vanquished Creatures
  A minotaur (Gauntlet)
  Josephine (D:12)
  3 hydras
  An alligator (Lair:3)
  3 two-headed ogres
  3 death yaks
  A skyshark (Lair:3)
  Sonja (D:12)
  A manticore (D:11)
  2 ugly things (D:11)
  4 cyclopes
  An elephant (Lair:3)
  4 black mambas
  9 cane toads
  A kobold demonologist (D:11)
  12 rime drakes
  Maggie (D:10)
  12 komodo dragons
  3 polar bears
  5 trolls
  A hornet (Lair:2)
  A wolf spider simulacrum (Gauntlet)
  A dream sheep (shapeshifter) (D:9)
  Grinder (D:6)
  A raiju (Gauntlet)
  4 blink frogs (Lair:2)
  A slime creature (D:11)
  Sigmund (D:3)
  2 flying skulls (Gauntlet)
  2 shadows (D:11)
  A vampire (D:12)
  5 wyverns
  36 yaks
  A spriggan (Lair:1)
  3 wraiths (D:12)
  4 basilisks
  2 fire elementals (D:13)
  15 steam dragons
  11 vampire mosquitoes
  3 nagas (Lair:3)
  A warg (D:11)
  3 swamp worms (Gauntlet)
  2 acid dragons
  6 water moccasins
  A hell hound (D:13)
  10 orc warriors
  2 ice beasts
  3 ogres
  2 black bears
  6 wolves (Lair:3)
  A centaur (D:11)
  A phantom (D:5)
  4 kobold brigands
  14 bullfrogs
  3 scorpions
  2 gnoll sergeants
  7 wights
  4 killer bees
  An electric eel (Lair:2)
  2 howler monkeys
  8 crimson imps (D:7)
  A wyvern simulacrum (Gauntlet)
  2 jellies
  Crazy Yiuf (D:6)
  14 orc priests
  2 hounds
  Jessica (D:2)
  7 iguanas
  13 orc wizards
  2 sleepcaps
  Terence (D:2)
  A boggart simulacrum (Gauntlet)
  11 gnolls
  10 adders
  2 shadow imps
  2 white imps (D:5)
  2 ufetubi
  3 worms
  2 dart slugs
  52 orcs
  6 ball pythons
  2 bat zombies (D:2)
  7 endoplasms
  2 giant cockroaches
  10 hobgoblins
  5 quokkas
  A ball python zombie (D:2)
  5 bats
  2 frilled lizards
  A giant cockroach zombie (D:2)
  8 goblins
  12 kobolds
  A quokka zombie (D:2)
  8 rats
  A spectral orc (D:10)
448 creatures vanquished.

Vanquished Creatures (collateral kills)
  An ettin (D:11)
  A two-headed ogre (D:8)
  2 death yaks (Lair:3)
  A black mamba (Lair:3)
  A cane toad (Lair:3)
  A rime drake (Lair:3)
  A centaur simulacrum (Gauntlet)
  A steam dragon (Lair:3)
  2 nagas (Lair:3)
  2 orc warriors
  A wight (D:8)
  An orc priest (D:9)
  An adder (D:3)
  A gnoll (D:3)
  2 orcs (D:8)
  A goblin (D:3)
20 creatures vanquished.

Vanquished Creatures (others)
  6 dancing weapons
6 creatures vanquished.

Grand Total: 474 creatures vanquished

Notes
Turn   | Place    | Note
-------+----------+-------------------------------------------
     0 | D:1      | LynnLen the Spriggan Enchanter began the quest for the Orb.
     0 | D:1      | Reached XP level 1. HP: 9/9 MP: 5/5
   111 | D:1      | Reached XP level 2. HP: 13/13 MP: 6/6
   132 | D:1      | Learned a level 2 spell: Ensorcelled Hibernation
   263 | D:1      | Reached skill level 5 in Stealth
  1310 | D:2      | Reached XP level 3. HP: 16/16 MP: 8/8
  1348 | D:2      | Found a bloodstained altar of Trog.
  1537 | D:2      | Reached skill level 6 in Stealth
  1570 | D:2      | Noticed Terence
  1575 | D:2      | Killed Terence
  1576 | D:2      | Reached XP level 4. HP: 21/21 MP: 9/9
  1728 | D:2      | Noticed Jessica
  1749 | D:2      | Killed Jessica
  2055 | D:2      | Learned a level 3 spell: Confusing Touch
  2059 | D:2      | Learned a level 3 spell: Tukima's Dance
  2076 | D:3      | Reached skill level 7 in Stealth
  2076 | D:3      | Reached skill level 5 in Hexes
  2076 | D:3      | Reached XP level 5. HP: 24/24 MP: 10/10
  2176 | D:3      | Noticed Sigmund
  2192 | D:3      | Killed Sigmund
  2193 | D:3      | Reached skill level 9 in Stealth
  2193 | D:3      | Reached XP level 6. HP: 28/28 MP: 8/12
  2222 | D:3      | Found a broken altar of Ashenzari.
  2626 | D:3      | Found an ornate altar of the Wu Jian Council.
  3090 | D:3      | Found a shimmering altar of Xom.
  3167 | D:4      | Found a sacrificial altar of Ru.
  3313 | D:4      | Reached XP level 7. HP: 24/32 MP: 3/14
  3624 | D:4      | Found a hazy altar of Hepliaklqana.
  4108 | D:4      | Found a sparkling altar of Nemelex Xobeh.
  4173 | D:4      | Reached skill level 10 in Stealth
  4313 | D:4      | Reached skill level 5 in Spellcasting
  4650 | D:4      | Found a burning altar of Makhleb.
  4704 | D:5      | Entered Level 5 of the Dungeon
  4946 | D:5      | Noticed a +0 dagger
  4946 | D:5      | Noticed a +0 hand axe
  4947 | D:5      | Found a hide-covered altar of Uskayaw.
  4966 | D:5      | Reached skill level 11 in Stealth
  4966 | D:5      | Reached XP level 8. HP: 31/36 MP: 12/17
  5057 | D:5      | Found a bloodstained altar of Trog.
  5197 | D:5      | Reached skill level 12 in Stealth
  6131 | D:6      | Found a transporter.
  6148 | D:6      | Found a transporter.
  6148 | D:6      | Noticed mkat's ghost (amateur DsHu)
  6148 | D:6      | Noticed Grinder
  6159 | D:6      | Killed Grinder
  6173 | D:6      | You fall into a shaft and drop 3 floors!
  6256 | D:9      | Found a shadowy altar of Dithmenos.
  6266 | D:9      | Became a worshipper of Dithmenos the Shadowed
  6287 | D:9      | Learned a level 5 spell: Yara's Violent Unravelling
  6291 | D:9      | Learned a level 3 spell: Vhi's Electric Charge
  6335 | D:9      | Reached skill level 13 in Stealth
  6364 | D:9      | Reached skill level 1 in Translocations
  6364 | D:9      | Reached XP level 9. HP: 36/39 MP: 13/20
  6421 | D:9      | Reached skill level 1 in Evocations
  6651 | D:9      | Reached skill level 1 in Air Magic
  6758 | D:9      | Noticed a troll
  6762 | D:9      | Found a radiant altar of Vehumet.
  6765 | D:9      | Killed a troll
  6995 | D:9      | Noticed a cyclops
  7001 | D:9      | Noticed a seven-headed hydra
  7001 | D:9      | Noticed a salamander
  7001 | D:9      | Noticed a seven-headed hydra
  7195 | D:9      | Reached skill level 14 in Stealth
  7395 | D:8      | Reached XP level 10. HP: 44/44 MP: 14/23
  7521 | D:8      | Found Irirosiu's Magic Scroll Shop.
  7538 | D:8      | Bought a scroll of identify for 24 gold pieces
  7538 | D:8      | Bought 2 scrolls of identify for 48 gold pieces
  7597 | D:8      | Found Nupnyn's Distillery.
  7599 | D:8      | Reached * piety under Dithmenos
  7636 | D:8      | Found Fajypn's Jewellery Boutique.
  7855 | D:8      | Noticed a two-headed ogre
  7880 | D:8      | Killed a two-headed ogre
  7881 | D:8      | Reached skill level 5 in Translocations
  7985 | D:8      | Noticed a two-headed ogre
  8006 | D:8      | Killed a two-headed ogre
  8007 | D:8      | Reached skill level 15 in Stealth
  8167 | D:8      | Identified the +2 war axe of Bogreem {drain, Will+}
  8284 | D:8      | Reached skill level 5 in Evocations
  8397 | D:8      | Found Zouchaho's Armour Emporium.
  8643 | D:7      | Learned a level 6 spell: Statue Form
  8821 | D:7      | Found a runed translucent gate.
  8821 | D:7      | Found a runed translucent gate.
  8821 | D:7      | Found a runed translucent gate.
  8822 | D:7      | Noticed Wkid's ghost (novice OpFi)
  8867 | D:7      | Reached ** piety under Dithmenos
  8939 | D:7      | Reached skill level 5 in Short Blades
  9158 | D:7      | Identified the +3 spear of Foedua {freeze, +Blink rN+
                  | Str-4}
  9195 | D:7      | Found a staircase to the Ecumenical Temple.
 10422 | D:6      | Found a runed translucent door.
 10423 | D:6      | Noticed Crazy Yiuf
 10433 | D:6      | Killed Crazy Yiuf
 11140 | D:9      | Reached XP level 11. HP: 47/47 MP: 22/25
 11147 | D:9      | Learned a level 6 spell: Iron Shot
 11180 | D:9      | Found a staircase to the Lair.
 11189 | D:9      | Reached *** piety under Dithmenos
 11750 | D:9      | Killed a seven-headed hydra
 11751 | D:9      | Reached skill level 1 in Earth Magic
 11815 | D:9      | Killed a seven-headed hydra
 11816 | D:9      | Reached skill level 16 in Stealth
 11816 | D:9      | Reached skill level 1 in Conjurations
 12044 | D:10     | Entered Level 10 of the Dungeon
 12302 | Lair:1   | Entered Level 1 of the Lair of Beasts
 12310 | Lair:1   | Reached skill level 1 in Transmutations
 12792 | D:9      | Reached skill level 10 in Spellcasting
 13519 | Lair:1   | Reached skill level 10 in Hexes
 13697 | Lair:2   | Reached skill level 17 in Stealth
 13736 | Lair:2   | Reached XP level 12. HP: 51/51 MP: 27/27
 13960 | Lair:2   | Reached **** piety under Dithmenos
 14026 | Lair:2   | Found a staircase to the Swamp.
 14494 | Lair:2   | Reached skill level 5 in Transmutations
 14864 | Lair:2   | Reached skill level 18 in Stealth
 15189 | Lair:3   | Noticed a four-headed hydra
 15208 | Lair:3   | Killed a four-headed hydra
 15371 | Lair:3   | Found a staircase to the Snake Pit.
 15382 | Lair:3   | Reached ***** piety under Dithmenos
 15491 | Lair:3   | Reached XP level 13. HP: 55/55 MP: 15/29
 16178 | Lair:3   | Reached skill level 19 in Stealth
 16952 | Lair:3   | Reached skill level 5 in Earth Magic
 17359 | Lair:4   | Identified the +3 dagger "Ymoenif" {flame, rElec rCorr
                  | Dex-3 SInv}
 17398 | Lair:4   | Found a viscous altar of Jiyva.
 17398 | Lair:4   | Found a staircase to the Slime Pits.
 17404 | Lair:4   | Found a runed translucent gate.
 17405 | Lair:4   | Found a runed translucent gate.
 17414 | Lair:4   | Found a gate leading to a gauntlet.
 17423 | Gauntlet | Entered a Gauntlet
 17423 | Gauntlet | Found a transporter.
 17423 | Gauntlet | Found a transporter.
 17428 | Gauntlet | Found a transporter.
 17430 | Gauntlet | Found a transporter.
 17441 | Gauntlet | Found a transporter.
 17442 | Gauntlet | Found a transporter.
 17442 | Gauntlet | Found a transporter.
 17512 | Gauntlet | Found a transporter.
 17553 | Gauntlet | Found a transporter.
 17558 | Gauntlet | Found a transporter.
 17633 | Gauntlet | Found a transporter.
 17648 | Gauntlet | Found a transporter.
 18086 | Gauntlet | Identified the +1 halberd "Lafiom" {drain, rPois rN+++
                  | Str-3 Dex+4}
 18086 | Gauntlet | Identified the +2 scale mail "Qasurauk" {rElec Str+3}
 18086 | Gauntlet | Noticed a minotaur
 18111 | Gauntlet | Killed a minotaur
 18229 | Lair:4   | Identified a scroll of acquirement
 18247 | Lair:3   | Acquired a book of Fire
 18414 | Lair:4   | Noticed bronco's ghost (journeyman DEIE)
 18416 | Lair:4   | Found a runed translucent gate.
 18910 | D:8      | Bought a scroll of enchant armour for 90 gold pieces
 18911 | D:8      | Bought a scroll of blinking for 90 gold pieces
 18911 | D:8      | Bought a scroll of fog for 48 gold pieces
 18911 | D:8      | Bought a scroll of fog for 48 gold pieces
 18911 | D:8      | Bought a scroll of fear for 48 gold pieces
 18911 | D:8      | Bought a scroll of magic mapping for 90 gold pieces
 18911 | D:8      | Bought a scroll of immolation for 48 gold pieces
 18911 | D:8      | Bought a scroll of summoning for 114 gold pieces
 18911 | D:8      | Bought a scroll of immolation for 48 gold pieces
 19117 | Lair:5   | Entered Level 5 of the Lair of Beasts
 19543 | D:10     | Noticed Maggie
 19546 | D:10     | Killed Maggie
 19660 | D:10     | Found a blossoming altar of Fedhas.
 19707 | D:10     | Found a stormy altar of Qazlal.
 19743 | D:10     | Found a basalt altar of Yredelemnul.
 20146 | D:10     | Found a glowing silver altar of Zin.
 20178 | D:10     | Reached skill level 10 in Evocations
 20402 | D:10     | Found a runed translucent gate.
 20402 | D:10     | Found a runed translucent gate.
 20402 | D:10     | Found a runed translucent gate.
 20870 | D:11     | Found a staircase to the Orcish Mines.
 21553 | D:11     | Reached skill level 20 in Stealth
 21802 | D:11     | Noticed an ettin
 21824 | D:11     | Killed an ettin
 21945 | D:11     | Noticed a war gargoyle
 22088 | D:11     | Noticed a tengu reaver
 22264 | D:12     | Found Nuki's Changing Room.
 22320 | D:12     | Reached XP level 14. HP: 44/59 MP: 25/31
 22823 | D:12     | Noticed Josephine
 22828 | D:12     | Killed Josephine
 22996 | D:12     | Noticed Sonja
 22998 | D:12     | Killed Sonja
 22999 | D:12     | Reached skill level 5 in Conjurations
 23456 | D:13     | Noticed Azrael
 23458 | D:13     | Reached ****** piety under Dithmenos
 23640 | D:13     | Found a gate to the Vaults.
 23715 | D:13     | Shot with an arrow by a centaur warrior

Illustrated notes

Levels and vault maps discovered:
D:1:      elethiomel_arrival_infinity_welcomes_careful_drivers, layout_basic,
          due_unseen_surprise
D:2:      layout_basic, serial_undead, serial_undead_a, serial_undead_f,
          serial_undead_f, serial_undead_e, basic_altar, uniq_terence,
          uniq_jessica
D:3:      layout_loops_ring, overflow_temple_1_default,
          nicolae_ashenzari_skybound, tgw_xom, uniq_sigmund
D:4:      minmay_angry_zag, layout_loops_corners, lemuel_tele_altar,
          nicolae_overflow_hidden_temple, nicolae_ru_great_annihilating_truth,
          mainiacjoe_overflow_surrounded_room
D:5:      layout_loops_ring, mainiacjoe_overflow_concentric_impassable,
          dancing_weapons_uskayaw, minmay_fountain_box, st_stairs_1,
          kennysheep_opposing_triangles
D:6:      layout_gridville, gammafunk_ghost_arena, uniq_crazy_yiuf_cottage,
          uniq_grinder
D:7:      layout_basic, temple_hall, gammafunk_ghost_necromancy, minivault_14,
          minmay_nine_imps
D:8:      layout_gridville, serial_shops, nicolae_shop_window_shopping, shop,
          shop_statue, nicolae_shop_back_alley_shop, blue_anna_alchemist
D:9:      minmay_slanted_spiral_squares, layout_stronghold,
          grunt_dithmenos_smoke, mainiacjoe_overflow_boulevard,
          erik_lair_dragon, grunt_ogre_cave, chequers_serial_rivers_room_a,
          minmay_misc_feat_more_columns, hellmonk_bongcloud_opening
D:10:     layout_loops_ring, grunt_temple_overflow_forces_of_nature,
          mainiacjoe_overflow_six_doors_small,
          yredelemnul_forgotten_temple_becter,
          ploomutoo_gammafunk_ghost_potion_laboratory, uniq_maggie
D:11:     layout_loops_ring, david_orc_1_choice, nicolae_rejected_hall
D:12:     layout_basic, nicolae_transmutations_shop, uniq_sonja, uniq_josephine
D:13:     layout_basic, lightli_vaults_fourway_checkpoint,
          portal_ice_cave_entry_ice_simulacra, serial_shops, shop, uniq_azrael
Lair:1:   layout_hall_layers, grunt_forest_large_clearing_hut,
          serial_bayou_shore_b
Lair:2:   layout_long_grid, minmay_swamp_entry_swarm, serial_bayou_shore_a,
          lemuel_fruit_fields, grunt_megastairs_4
Lair:3:   nzn_winding_woodlands_cross [nzn_winding_woodlands_5x15_crooked,
          nzn_winding_woodlands_5x15_river_crossing,
          nzn_winding_woodlands_5x15_sidewinder,
          nzn_winding_woodlands_5x15_concentric,
          nzn_winding_woodlands_15x15_five_gardens], layout_layer_cave,
          minmay_snake_entry_guardpost_medium, bobbens_dragon_lair_wall
Lair:4:   layout_hall_layers, dpeg_slime_entry_enclosed, gammafunk_ghost_split,
          gauntlet_entry_generic, infiniplex_staircase_pool_2
Lair:5:   wormcave, layout_cave_pods, guppyfry_lair_end_dragon

Skill      XL: |  1  2  3  4  5  6  7  8  9 10 11 12 13 14 |
---------------+-------------------------------------------+-----
Hexes          | 4 5 6 7 8 9 10 11 | 11.9
Stealth        | 5 6 7 9 11 13 14 15 17 18 20 | 20.2
Spellcasting   | 3 4 5 6 8 9 10 11 12 | 12.1
Short Blades   | 3 4 5 6 |  6.5
Translocations | 1 4 6 |  6.7
Evocations     | 4 6 7 8 10 | 10.0
Air Magic      | 2 4 |  4.1
Earth Magic    | 2 4 5 6 |  6.0
Conjurations   | 2 3 4 5 |  5.0
Transmutations | 3 6 8 |  8.5
Dodging        | |  2.6

Action                     |  1- 3 |  4- 6 |  7- 9 | 10-12 | 13-15 || total
---------------------------+-------+-------+-------+-------+-------++-------
  Melee: Dagger            |    94 |   126 |   198 |   479 |   297 ||  1194
         Punch             |       |       |     2 |     9 |     3 ||    14
   Cast: Ensorcelled Hiber |     1 |    26 |    65 |   138 |    82 ||   312
         Tukima's Dance    |       |     6 |     8 |    17 |    22 ||    53
         Confusing Touch   |       |     1 |     4 |    25 |    18 ||    48
         Vhi's Electric Ch |       |       |       |     4 |       ||     4
  Evoke: Box of beasts     |       |       |       |     1 |     1 ||     2
         Wand              |       |       |       |       |    16 ||    16
         Phantom mirror    |       |       |       |       |     1 ||     1
         Tin of tremorston |       |       |       |       |     1 ||     1
    Use: Scroll            |     1 |     2 |    10 |    15 |    14 ||    42
         Potion            |       |       |     3 |     6 |     3 ||    12
   Stab: Sleeping          |    11 |    22 |    56 |   116 |    76 ||   281
         Confused          |       |     1 |     3 |    20 |    17 ||    41
         Paralysed         |       |     1 |       |       |       ||     1
         Distracted        |       |       |     2 |     4 |     1 ||     7
 Armour: Robe              |    18 |     9 |    12 |    11 |       ||    50
         Steam dragon scal |       |       |       |    90 |    69 ||   159
  Dodge: Dodged            |    81 |    72 |   104 |   380 |   199 ||   836
  Block: Other             |       |       |    22 |     5 |       ||    27
         Reflection        |       |       |     1 |       |       ||     1
